GCL
PHILADELPHIA (GCL) PHILLIES @ LAS VEGAS (GCL) HUSTLE
09/05/2098
 
TOP OF THE 1ST
Philadelphia (GCL) Phillies batting - Pitching for Las Vegas (GCL) Hustle : RHP Pedro Hernandez
Pitching: RHP Pedro Hernandez
Batting: RHB Sam Kilpatrick 0-0: Ground out 6-3 (Groundball, 6, EV 101.3 MPH)
Batting: LHB Bobby Ashburner 0-0: Called Strike
0-1: Ball
1-1: Ground out 4-3 (Groundball, 4, EV 90.6 MPH)
Batting: RHB Kevin Mizerak 0-0: Called Strike
0-1: Swinging Strike
0-2: Ball
1-2: Foul Ball, location: 2F
1-2: Strikes out swinging
Top of the 1st over - 0 runs, 0 hits, 0 errors, 0 left on base; Philadelphia (GCL) 0 - Las Vegas (GCL) 0
BOTTOM OF THE 1ST
Las Vegas (GCL) Hustle batting - Pitching for Philadelphia (GCL) Phillies : RHP Tony Jimenez
Pitching: RHP Tony Jimenez
Batting: SHB Jesse Schulte 0-0: Called Strike
0-1: Ball
1-1: DOUBLE (Flyball, 8LXD, EV 101.9 MPH)
Batting: RHB David Gutierrez 0-0: Ball
1-0: Ball
2-0: Called Strike
2-1: Ground out 5-3 (Groundball, 56S, EV 90.0 MPH)
Batting: RHB John Juelich 0-0: Swinging Strike
0-1: Fly out, F8 (Flyball, 8LD, EV 110.6 MPH)
Runner from 2nd tags up, SAFE at 3rd with throw by CF
Batting: LHB David Montoya 0-0: Ball
1-0: Called Strike
1-1: Ball
2-1: Fly out, F6 (Popup, 6S, EV 73.1 MPH)
Bottom of the 1st over - 0 runs, 1 hit, 0 errors, 1 left on base; Philadelphia (GCL) 0 - Las Vegas (GCL) 0
TOP OF THE 2ND
Philadelphia (GCL) Phillies batting - Pitching for Las Vegas (GCL) Hustle : RHP Pedro Hernandez
Batting: LHB Steve Lennon 0-0: Ball
1-0: Foul Ball, location: 9LDF
1-1: Called Strike
1-2: Fly out, F8 (Flyball, 8LM, EV 80.6 MPH)
Batting: LHB Steve Dukich 0-0: Called Strike
0-1: Swinging Strike
0-2: Foul Ball, location: 2F
0-2: Strikes out looking
Batting: RHB Jason Tuberville 0-0: Called Strike
0-1: Foul Ball, location: 9LDF
0-2: Ball
1-2: Ball
2-2: Ball
3-2: Fly out, F6 (Popup, 6M, EV 68.1 MPH)
Top of the 2nd over - 0 runs, 0 hits, 0 errors, 0 left on base; Philadelphia (GCL) 0 - Las Vegas (GCL) 0
BOTTOM OF THE 2ND
Las Vegas (GCL) Hustle batting - Pitching for Philadelphia (GCL) Phillies : RHP Tony Jimenez
Batting: LHB Casey Bulger 0-0: Called Strike
0-1: Called Strike
0-2: Ball
1-2: Fly out, F9 (Flyball, 89S, EV 75.6 MPH)
Batting: RHB Keith Bracken 0-0: Ball
1-0: Ball
2-0: Foul Ball, location: 3FF
2-1: Ball
3-1: Base on Balls
Batting: LHB Juan Salomon 0-0: Ball
Keith Bracken steals 2nd, throwing error, E2
Keith Bracken to third
1-0: Called Strike
1-1: Called Strike
1-2: Ball
2-2: Strikes out swinging
Batting: RHB Danny Mena 0-0: Ball
1-0: Ball
2-0: Ground out 5-3 (Groundball, 5, EV 88.8 MPH)
Bottom of the 2nd over - 0 runs, 0 hits, 1 error, 1 left on base; Philadelphia (GCL) 0 - Las Vegas (GCL) 0
TOP OF THE 3RD
Philadelphia (GCL) Phillies batting - Pitching for Las Vegas (GCL) Hustle : RHP Pedro Hernandez
Batting: RHB Carlos Garcia 0-0: Ball
1-0: Ball
2-0: Ball
3-0: Base on Balls
Batting: RHB Sal Torres 0-0: Ball
1-0: Sac Bunt to 5S - play at first, batter OUT! 5-3
Carlos Garcia to second
Batting: LHB Jesus Saenz 0-0: Ball
1-0: SINGLE (Line Drive, 9LS, EV 101.9 MPH)
Carlos Garcia to third
Batting: RHB Sam Kilpatrick 0-0: Called Strike
0-1: Ball
1-1: Ball
Jesus Saenz is caught stealing 2nd base 2-4
2-1: Foul Ball, location: 5FF
2-2: Foul Ball, location: 2F
2-2: Ball
3-2: TRIPLE (Flyball, 78XD, EV 103.1 MPH)
Carlos Garcia scores
Batting: LHB Bobby Ashburner 0-0: Foul Ball, location: 7LMF
0-1: SINGLE (Line Drive, 8RS, EV 97.5 MPH)
Sam Kilpatrick scores
Batting: RHB Kevin Mizerak 0-0: Ball
1-0: Called Strike
1-1: Ball
2-1: Foul Ball, location: 5F
2-2: Ball
3-2: Base on Balls
Bobby Ashburner to second
Batting: LHB Steve Lennon 0-0: Swinging Strike
0-1: Ball
1-1: Swinging Strike
1-2: Foul Ball, location: 2F
1-2: Strikes out swinging
Top of the 3rd over - 2 runs, 3 hits, 0 errors, 2 left on base; Philadelphia (GCL) 2 - Las Vegas (GCL) 0
BOTTOM OF THE 3RD
Las Vegas (GCL) Hustle batting - Pitching for Philadelphia (GCL) Phillies : RHP Tony Jimenez
Batting: SHB Jim Unknown 0-0: Foul Ball, location: 7LSF
0-1: Swinging Strike
0-2: Foul Ball, location: 7LSF
0-2: Ball
1-2: Strikes out swinging
Batting: SHB Jesse Schulte 0-0: Ball
1-0: Ball
2-0: Foul Ball, location: 7LMF
2-1: Called Strike
2-2: Foul Ball, location: 2F
2-2: Foul Ball, location: 7LMF
2-2: Foul Ball, location: 7LSF
2-2: Ball
3-2: Strikes out swinging, 2-3 out at first.
Batting: RHB David Gutierrez 0-0: Foul Ball, location: 9LMFF
0-1: Ball
1-1: Ball
2-1: Foul Ball, location: 2F
2-2: Strikes out swinging
Bottom of the 3rd over - 0 runs, 0 hits, 0 errors, 0 left on base; Philadelphia (GCL) 2 - Las Vegas (GCL) 0
TOP OF THE 4TH
Philadelphia (GCL) Phillies batting - Pitching for Las Vegas (GCL) Hustle : RHP Pedro Hernandez
Batting: LHB Steve Dukich 0-0: Called Strike
0-1: Foul Ball, location: 25F
0-2: Ball
1-2: Ball
2-2: SINGLE (Line Drive, 9S, EV 96.9 MPH)
Batting: RHB Jason Tuberville 0-0: Ball
1-0: Called Strike
1-1: Ball
2-1: Swinging Strike
2-2: Foul Ball, location: 23FF
2-2: Strikes out swinging
Batting: RHB Carlos Garcia 0-0: Foul Ball, location: 3SF
0-1: Ball
1-1: Ball
2-1: Ball
3-1: Swinging Strike
3-2: Foul Ball, location: 2LF
3-2: Fly out, F8 (Line Drive, 8LM, EV 91.3 MPH)
Batting: RHB Sal Torres 0-0: Ball
1-0: Ball
2-0: Swinging Strike
2-1: Ball
3-1: Fielders Choice at 2nd, 6-4 (Groundball, 6, EV 83.8 MPH)
Top of the 4th over - 0 runs, 1 hit, 0 errors, 1 left on base; Philadelphia (GCL) 2 - Las Vegas (GCL) 0
BOTTOM OF THE 4TH
Las Vegas (GCL) Hustle batting - Pitching for Philadelphia (GCL) Phillies : RHP Tony Jimenez
Batting: RHB John Juelich 0-0: Ball
1-0: Ball
2-0: Ball
3-0: Base on Balls
Batting: LHB David Montoya 0-0: Grounds into double play, 6-4-3 (Groundball, 6MD, EV 105.6 MPH)
Batting: LHB Casey Bulger 0-0: Ball
1-0: Foul Ball, location: 2F
1-1: Ball
2-1: Ball
3-1: Base on Balls
Batting: RHB Keith Bracken 0-0: Swinging Strike
0-1: Foul Ball, location: 7LSF
0-2: Foul Ball, location: 2F
0-2: Strikes out swinging
Bottom of the 4th over - 0 runs, 0 hits, 0 errors, 1 left on base; Philadelphia (GCL) 2 - Las Vegas (GCL) 0
TOP OF THE 5TH
Philadelphia (GCL) Phillies batting - Pitching for Las Vegas (GCL) Hustle : RHP Pedro Hernandez
Batting: LHB Jesus Saenz 0-0: Ground out 4-3 (Groundball, 34, EV 105.6 MPH)
Batting: RHB Sam Kilpatrick 0-0: Ground out 4-3 (Groundball, 34, EV 103.8 MPH)
Batting: LHB Bobby Ashburner 0-0: Called Strike
0-1: Ball
1-1: Foul Ball, location: 23FF
1-2: Ball
2-2: Reached on error, E5 (Groundball, 5L, EV 98.1 MPH)
Pitching: RHP Girard Bremini
Batting: RHB Kevin Mizerak 0-0: Called Strike
0-1: Ground out 5-3 (Groundball, 56S, EV 75.0 MPH)
Top of the 5th over - 0 runs, 0 hits, 1 error, 1 left on base; Philadelphia (GCL) 2 - Las Vegas (GCL) 0
BOTTOM OF THE 5TH
Las Vegas (GCL) Hustle batting - Pitching for Philadelphia (GCL) Phillies : RHP Tony Jimenez
Batting: LHB Juan Salomon 0-0: Swinging Strike
0-1: Swinging Strike
0-2: Ball
1-2: Ball
2-2: Ground out U3 (Groundball, 3, EV 85.6 MPH)
Batting: RHB Danny Mena 0-0: Fly out, F9 (Line Drive, 9S, EV 95.0 MPH)
Batting: SHB Jim Unknown 0-0: Ball
1-0: Ball
2-0: Called Strike
2-1: Ball
3-1: Base on Balls
Batting: SHB Jesse Schulte 0-0: Ball
1-0: Called Strike
1-1: Swinging Strike
1-2: Ball
2-2: Ball
3-2: Strikes out looking
Bottom of the 5th over - 0 runs, 0 hits, 0 errors, 1 left on base; Philadelphia (GCL) 2 - Las Vegas (GCL) 0
TOP OF THE 6TH
Philadelphia (GCL) Phillies batting - Pitching for Las Vegas (GCL) Hustle : RHP Girard Bremini
Batting: LHB Steve Lennon 0-0: Ball
1-0: Called Strike
1-1: Ball
2-1: Foul Ball, location: 2F
2-2: Ball
3-2: Foul Ball, location: 9LMFF
3-2: SINGLE (Groundball, 3S, EV 67.5 MPH) (infield hit)
Batting: LHB Steve Dukich 0-0: Ball
1-0: Foul Ball, location: 3F
1-1: Ball
2-1: Swinging Strike
2-2: Strikes out looking
Batting: RHB Jason Tuberville 0-0: Grounds into double play, 6-4-3 (Groundball, 6S, EV 84.4 MPH)
Top of the 6th over - 0 runs, 1 hit, 0 errors, 0 left on base; Philadelphia (GCL) 2 - Las Vegas (GCL) 0
BOTTOM OF THE 6TH
Las Vegas (GCL) Hustle batting - Pitching for Philadelphia (GCL) Phillies : RHP Tony Jimenez
Batting: RHB David Gutierrez 0-0: Fly out, F8 (Flyball, 8RD, EV 107.5 MPH)
Batting: RHB John Juelich 0-0: Ball
1-0: Ground out 4-3 (Groundball, 34D, EV 108.1 MPH)
Batting: LHB David Montoya 0-0: Foul Ball, location: 2LF
0-1: Swinging Strike
0-2: Ball
1-2: Strikes out swinging
Bottom of the 6th over - 0 runs, 0 hits, 0 errors, 0 left on base; Philadelphia (GCL) 2 - Las Vegas (GCL) 0
TOP OF THE 7TH
Philadelphia (GCL) Phillies batting - Pitching for Las Vegas (GCL) Hustle : RHP Girard Bremini
Batting: RHB Carlos Garcia 0-0: SINGLE (Line Drive, 9S, EV 93.1 MPH)
Batting: RHB Sal Torres 0-0: Ball
1-0: Foul Ball, location: 2F
1-1: Ball
2-1: Sac Bunt to 25 - play at first, batter safe!
Carlos Garcia to second
Batting: LHB Jesus Saenz 0-0: Bunted foul
0-1: Ball
1-1: Bunt missed!
1-2: SINGLE (Groundball, 34D, EV 106.9 MPH)
Carlos Garcia to third
Sal Torres to second
Batting: RHB Sam Kilpatrick 0-0: Ball
1-0: Foul Ball, location: 5F
1-1: Called Strike
1-2: Foul Ball, location: 3F
1-2: Ball
2-2: Strikes out looking
Pitching: RHP Rodney Aldridge
Batting: LHB Bobby Ashburner 0-0: Ball
1-0: Called Strike
1-1: Foul Ball, location: 7LMF
1-2: SINGLE (Flyball, 8RS, EV 96.9 MPH)
Carlos Garcia scores
Sal Torres to third
Jesus Saenz to second
Runner from 3rd tries for Home, SAFE, throw by CF to home
Pinch Hitting: LHB Jose Ortiz Balk!
Jesus Saenz to third
Bobby Ashburner to second
0-0: Ball
1-0: Fly out, F9 (Flyball, 9S, EV 94.4 MPH)
Runner from 3rd tags up, OUT at HOME! 9-2
Top of the 7th over - 2 runs, 4 hits, 0 errors, 1 left on base; Philadelphia (GCL) 4 - Las Vegas (GCL) 0
BOTTOM OF THE 7TH
Las Vegas (GCL) Hustle batting - Pitching for Philadelphia (GCL) Phillies : RHP Tony Jimenez
Now in LF: Jose Cossio
Batting: LHB Casey Bulger 0-0: Foul Ball, location: 7LSF
0-1: Foul Ball, location: 2F
0-2: Foul Ball, location: 2F
0-2: Ground out 5-3 (Groundball, 56, EV 105.0 MPH)
Batting: RHB Keith Bracken 0-0: Ball
1-0: Swinging Strike
1-1: Foul Ball, location: 2F
1-2: Strikes out swinging
Pinch Hitting: SHB Rodolfo Flores 0-0: Foul Ball, location: 25FF
0-1: Ball
1-1: Foul Ball, location: 2F
1-2: SINGLE (Groundball, 4S, EV 64.4 MPH) (infield hit)
Pinch Hitting: RHB Jim Unknown 0-0: Ball
1-0: Ball
2-0: Fly out, F9 (Line Drive, 9S, EV 91.9 MPH)
Bottom of the 7th over - 0 runs, 1 hit, 0 errors, 1 left on base; Philadelphia (GCL) 4 - Las Vegas (GCL) 0
TOP OF THE 8TH
Philadelphia (GCL) Phillies batting - Pitching for Las Vegas (GCL) Hustle : RHP Rodney Aldridge
Now at 3B: Jesse Schulte
Now at SS: Rodolfo Flores
Now in RF: Jim Unknown
Batting: LHB Steve Lennon 0-0: Ball
1-0: Ball
2-0: SINGLE (Groundball, 34S, EV 70.0 MPH) (infield hit)
Batting: LHB Steve Dukich 0-0: Foul Ball, location: 2F
0-1: Foul Ball, location: 9LSF
0-2: Ball
1-2: Ball
2-2: Foul Ball, location: 2F
2-2: Strikes out looking
Pinch Hitting: LHB Alex Murillo 0-0: Ball
1-0: Fly out, F8 (Flyball, 8RM, EV 90.0 MPH)
Batting: RHB Carlos Garcia 0-0: Ball
1-0: Foul Ball, location: 9LMF
1-1: Called Strike
1-2: SINGLE (Groundball, 13, EV 68.8 MPH) (infield hit)
Steve Lennon to second
Pinch Hitting: LHB Eric Reinhardt 0-0: Swinging Strike
0-1: Swinging Strike
0-2: Ball
1-2: Foul Ball, location: 2F
1-2: Fielders Choice at 2nd, 6-4 (Groundball, 6, EV 87.5 MPH)
Top of the 8th over - 0 runs, 2 hits, 0 errors, 2 left on base; Philadelphia (GCL) 4 - Las Vegas (GCL) 0
BOTTOM OF THE 8TH
Las Vegas (GCL) Hustle batting - Pitching for Philadelphia (GCL) Phillies : RHP Tony Jimenez
Pitching: RHP David Wade
Now at 2B: Matt Lofton
Now at 3B: Chris Dominguez
Batting: SHB Jim Unknown 0-0: Called Strike
0-1: Foul Ball, location: 3F
0-2: Ball
1-2: Fly out, F4 (Popup, 4, EV 72.5 MPH)
Batting: SHB Jesse Schulte 0-0: Ball
1-0: Ground out U3 (Groundball, 3, EV 81.9 MPH)
Batting: RHB David Gutierrez 0-0: Called Strike
0-1: Ground out U3 (Groundball, 13, EV 78.8 MPH)
Bottom of the 8th over - 0 runs, 0 hits, 0 errors, 0 left on base; Philadelphia (GCL) 4 - Las Vegas (GCL) 0
TOP OF THE 9TH
Philadelphia (GCL) Phillies batting - Pitching for Las Vegas (GCL) Hustle : RHP Rodney Aldridge
Pinch Hitting: RHB Andre Kelly 0-0: Foul Ball, location: 9LSF
0-1: Ball
1-1: Ground out 6-3 (Groundball, 6, EV 85.6 MPH)
Pinch Hitting: LHB Willie Contreras 0-0: Fly out, F6 (Popup, 6D, EV 51.9 MPH)
Batting: LHB Bobby Ashburner 0-0: Called Strike
0-1: Called Strike
0-2: Foul Ball, location: 5F
0-2: Foul Ball, location: 5FF
0-2: Ball
1-2: Ball
2-2: Foul Ball, location: 2F
2-2: Foul Ball, location: 2F
2-2: Foul Ball, location: 2F
2-2: Fly out, F9 (Flyball, 9LM, EV 90.0 MPH)
Top of the 9th over - 0 runs, 0 hits, 0 errors, 0 left on base; Philadelphia (GCL) 4 - Las Vegas (GCL) 0
BOTTOM OF THE 9TH
Las Vegas (GCL) Hustle batting - Pitching for Philadelphia (GCL) Phillies : RHP David Wade
Now in CF: Dario Colon
Now in RF: Josh Beiler
Pinch Hitting: RHB Jim Unknown 0-0: Fly out, F9 (Flyball, 9D, EV 96.3 MPH)
Batting: LHB David Montoya 0-0: SINGLE (Line Drive, 9S, EV 110.0 MPH)
Batting: LHB Casey Bulger 0-0: Called Strike
0-1: Called Strike
0-2: Strikes out swinging
Batting: RHB Keith Bracken 0-0: Foul Ball, location: 25FF
0-1: Called Strike
0-2: Ball
1-2: Strikes out swinging
Bottom of the 9th over - 0 runs, 1 hit, 0 errors, 1 left on base; Philadelphia (GCL) 4 - Las Vegas (GCL) 0
Sunday, April 14th , 2024 - OOTP Baseball 24.11 Build 85